Map: Cyber Forest LE

Players

Dreamlock

  • Race: Protoss Protoss
  • League: Platinum
  • Spawn Location: 11:00

Parkkatz - Winner!

  • Race: Zerg Zerg
  • League: Platinum
  • Spawn Location: 5:00

VOD

Have the link to the VOD?

Description

Time

  • Played on: July 4, 2019, 9:04 p.m.
  • Length: 5:36
Show
View Real Time Build Order
Export as new Build Order

Dreamlock Protoss 

Build Orders:  

Get SALT Encoding   

  12  0:01  Probe  
  13  0:13  Probe  
  14  0:22  Pylon  
  14  0:25  Probe  
  15  0:39  Probe  
  15  0:41  Forge  
  15  0:47  Probe  
  17  1:16  Pylon  
  17  1:18  Probe  
  18  1:28  Gateway  
  18  1:35  Photon Cannon  
  18  1:36  Photon Cannon  
  18  1:51  Pylon  
  18  2:03  Assimilator  
  18  2:09  Photon Cannon  
  18  2:21  Photon Cannon  
  18  2:44  Cybernetics Core  
  18  2:55  Nexus  
  18  2:56  Photon Cannon  
  18  2:58  Photon Cannon  
  18  3:02  Photon Cannon  
  18  3:32  Photon Cannon  
  4  3:46  Stalker  
  5  4:09  Stalker  
Show
View Real Time Build Order
Export as new Build Order

Parkkatz Zerg - Winner!

Build Orders: Hatch First 

Get SALT Encoding   

  12  0:02  Drone  
  13  0:17  Overlord  
  14  0:21  Drone  
  14  0:35  Drone x2  
  16  0:40  Drone  
  18  0:50  Drone  
  18  1:01  Hatchery  
  17  1:06  Drone, Extractor  
  17  1:21  Drone, Spawning Pool  
  17  1:22  Drone  
  18  1:32  Drone  
  19  1:43  Overlord  
  19  2:13  Roach Warren  
  19  2:15  Spine Crawler  
  17  2:19  Spine Crawler  
  16  2:23  Zergling x8  
  16  2:28  Zergling x2  
  21  2:41  Metabolic Boost  
  20  2:46  Zergling x4  
  19  3:35  Drone, Spine Crawler  
  19  3:36  Drone  
  17  4:04  Drone  
  18  4:21  Spore Crawler  
Tags
 
Add a new tag
Caveats
  • Supply blocks, unpowered buildings, or Contaminate may cause inaccurate times.
  • Supply counts are checked every 10 seconds.